 Dungeon Crawl Stone Soup version 0.30-a0-553-g7fabdf1491 (webtiles) character file.

Game seed: 1100601901172871798

50173 PyroL the Destroyer (level 14, -13/121 HPs)
             Began as a Purple Draconian Ice Elementalist on Dec 26, 2022.
             Was a High Priest of Vehumet.
             Mangled by a dire elephant (22 damage)
             ... on level 5 of the Lair of Beasts on Dec 27, 2022.
             The game lasted 00:58:04 (22895 turns).

PyroL the Destroyer (DrIE)                         Turns: 22895, Time: 00:58:04

Health: -13/121    AC: 27    Str: 12    XL:     14   Next: 18%
Magic:  1/27       EV: 15    Int: 19    God:    Vehumet [*****.]
Gold:   833        SH:  0    Dex: 12    Spells: 1/32 levels left

rFire   x . .      SeeInvis .    j - +5 lajatang (speed)
rCold   + . .      Faith    .    (shield currently unavailable)
rNeg    . . .      Spirit   .    (body armour unavailable)
rPois   .          Reflect  .    (helmet restricted)
rElec   .          Harm     .    n - +0 cloak
rCorr   .          Rampage  .    U - +2 pair of gloves {hurl}
Will    ++...                    A - +0 pair of boots
Stlth   ++                       R - amulet of the acrobat
HPRegen 0.40/turn                b - ring of ice
MPRegen 0.20/turn                y - +4 ring of protection

@: ice-armoured
A: breathe power, AC +8, unfitting armour, cold-blooded
a: Breathe Dispelling Energy, Renounce Religion


You were on level 5 of the Lair of Beasts.
You worshipped Vehumet.
Vehumet was extremely pleased with you.
You visited 4 branches of the dungeon, and saw 18 of its levels.
You also visited: Ossuary and Volcano.

You collected 1551 gold pieces.
You spent 718 gold pieces at shops.

Inventory:

Hand Weapons
 j - a +5 lajatang of speed (weapon)
Missiles
 z - 3 throwing nets
 H - 29 poisoned darts
 M - 6 curare-tipped darts
 T - 2 atropa-tipped darts
Armour
 n - a +0 cloak (worn)
 A - a +0 pair of boots (worn)
 C - the +0 pair of gloves "Keusiyg" {Int+2}
   (You bought it in a shop on level 3 of the Dungeon)

   Int:       It affects your intelligence (+2).
 U - a +2 pair of gloves of hurling (worn)
Jewellery
 b - a ring of ice (left hand)
 q - a ring of fire
 y - a +4 ring of protection (right hand)
 F - a ring of protection from fire
 I - a +4 ring of evasion
 R - an amulet of the acrobat (around neck)
Wands
 G - a wand of roots (21)
 J - a wand of charming (20)
 L - a wand of acid (16)
 N - a wand of mindburst (31)
 O - a wand of flame (2)
Scrolls
 c - 3 scrolls of amnesia
 e - 4 scrolls of fear
 f - 2 scrolls of noise
 g - 4 scrolls of immolation
 h - 4 scrolls of vulnerability
 k - 4 scrolls of fog
 l - a scroll of brand weapon {unknown}
 o - 8 scrolls of teleportation
 u - 3 scrolls of blinking
 w - 3 scrolls of enchant weapon
 D - 2 scrolls of torment
 K - 4 scrolls of enchant armour
 S - 2 scrolls of silence
 V - 2 scrolls of poison
Potions
 a - 2 potions of magic
 d - 2 potions of resistance
 i - 2 potions of berserk rage
 m - 2 potions of invisibility
 p - a potion of curing
 r - 2 potions of heal wounds {unknown}
 s - 3 potions of haste
 t - 3 potions of mutation
 v - 3 potions of flight
 x - 7 potions of attraction
 B - a potion of lignification
 E - 2 potions of cancellation
 Q - 4 potions of brilliance
Miscellaneous
 P - a phantom mirror


   Skills:
 - Level 10.0 Fighting
 - Level 7.9 Dodging
 - Level 1.7 Stealth
 + Level 9.8 Spellcasting
 - Level 13.2 Conjurations
 - Level 5.0 Hexes
 - Level 5.0 Summonings
 - Level 8.3 Fire Magic
 - Level 11.9 Ice Magic


You had one spell level left.
You knew the following spells:

 Your Spells              Type           Power      Damage    Failure   Level
a - Freeze                Ice            100%       1d10      1%          1
b - Ozocubu's Armour      Ice            70%        N/A       1%          3
c - Frozen Ramparts       Ice            100%       1d16      1%          3
d - Mephitic Cloud        Conj/Pois/Air  26%        N/A       1%          3
e - Hailstorm             Conj/Ice       72%        3d15      1%          3
f - Inner Flame           Hex/Fire       34%        N/A       1%          3
g - Summon Ice Beast      Ice/Summ       58%        N/A       2%          4
h - Fireball              Conj/Fire      25%        3d11      1%          5
i - Starburst             Conj/Fire      25%        6d8       4%          6

Your spell library contained the following spells:

 Spells                   Type           Power      Damage    Failure   Level
 Flame Wave               Conj/Fire      50%        2d12      1%          4
 Foxfire                  Conj/Fire      100%       2x1d9     1%          1
 Kiss of Death            Conj/Necr      100%       2d13      1%          1
 Beastly Appendage        Tmut           18%        N/A       8%          1
 Sting                    Tmut/Pois      36%        1d4       8%          1
 Poisonous Vapours        Pois/Air       18%        N/A       3%          2
 Confusing Touch          Hex            28%        N/A       3%          3
 Summon Guardian Golem    Hex/Summ       28%        N/A       3%          3
 Tukima's Dance           Hex            28%        N/A       3%          3
 Orb of Destruction       Conj           28%        9d9       8%          7
 Portal Projectile        Hex/Tloc       36%        N/A       9%          3
 Cigotuvi's Dreadful Rot  Necr/Pois/Air  18%        N/A       12%         2
 Wereblood                Tmut           9%         N/A       12%         2
 Ozocubu's Refrigeration  Ice            35%        4d15      13%         7
 Olgreb's Toxic Radiance  Pois           9%         N/A       19%         4
 Spider Form              Tmut/Pois      9%         N/A       22%         3
 Spellforged Servitor     Conj/Summ      22%        N/A       36%         7
 Dispel Undead            Necr           9%         3d8       58%         4
 Blade Hands              Tmut           4%         N/A       91%         5
 Ignition                 Fire           20%        3d7       97%         8


Dungeon Overview and Level Annotations

Branches:
Dungeon (11/15)            Temple (1/1) D:4            Lair (5/5) D:10
 Shoals (0/4) Lair:3        Snake (1/4) Lair:3        Slime (0/5) Lair:5
    Orc (0/2) D:10        Ossuary (visited)         Volcano (visited)

Altars:
Ashenzari
Cheibriados
Dithmenos
Hepliaklqana
Kikubaaqudgha
Makhleb
Nemelex Xobeh
Okawaru
Qazlal
Ru
Trog
Vehumet
Wu Jian
Xom
Yredelemnul
Zin
The Shining One
Jiyva

Shops:
D:3 [   D:4 ?   D:9 :(*


Innate Abilities, Weirdness & Mutations

You can breathe bolts of dispelling energy.
Your rich purple scales are hard. (AC +8)
You cannot fit into any form of body armour.
You are cold-blooded and may be slowed by cold attacks.


Message History

Okay, then.
Casting: Starburst (dangerous; 4% risk of failure)
Confirm with . or Enter, or press ? or * to list all spells.
You feel a surge of power! A film of ice covers your body!
The dire elephant barely misses you.
The dire elephant trunk-slaps you but does no damage.
You slash the dire elephant!
You tail-slap the dire elephant, but do no damage.
The dire elephant is severely wounded.
The dire elephant tramples you.
* * * LOW HITPOINT WARNING * * *
You hold your ground!
The dire elephant trunk-slaps you!
* * * LOW HITPOINT WARNING * * *
Casting: Ozocubu's Armour (safe; 1% risk of failure)
Confirm with . or Enter, or press ? or * to list all spells.
Casting: Starburst (dangerous; 4% risk of failure)
Press: ? - help, Dir - look around, f - activate The bolt of fire hits the dire elephant!
The dire elephant is almost dead.
The dire elephant closely misses you. The dire elephant misses you.
Unknown command.
Casting: Starburst (dangerous; 4% risk of failure)
Confirm with . or Enter, or press ? or * to list all spells.
You don't have enough magic to cast this spell.
Unknown command.
You hit the dire elephant but do no damage.
The dire elephant is almost dead.
The dire elephant tramples you!!
* * * LOW HITPOINT WARNING * * *
You hold your ground!
The dire elephant trunk-slaps you but does no damage.
You slash the dire elephant!
The dire elephant is almost dead.
The dire elephant barely misses you. The dire elephant trunk-slaps you.
* * * LOW HITPOINT WARNING * * *
Okay, then.
You slash the dire elephant!
The dire elephant is almost dead.
The dire elephant tramples you!!
You die...

...###....#
.........P#
.........#
##.....#÷#
##...##.#
#...##.÷#
#..÷.#...#
..8.##..Y# 8..
#...@# Y.###...##
#####.÷...#
#######.......P##
.##P.........P##
....P†......###
####.P..P..##
#..###.P..####
.....######..#


You could see a dire elephant.

Vanquished Creatures
  A catoblepas (Lair:5)
  2 boulder beetles
  4 two-headed ogres
  15 death yaks
  Lodul (D:11)
  A lindwurm (Lair:4)
  3 ugly things
  A deep elf pyromancer (D:9)
  An orc sorcerer (Volcano)
  A cyclops (D:10)
  A manticore (D:11)
  8 elephants
  A black mamba (Lair:1)
  A smoke demon (Volcano)
  5 cane toads
  A molten gargoyle (Volcano)
  2 merfolk sirens (Lair:3)
  Maggie (D:8)
  2 gargoyles
  3 rime drakes
  10 komodo dragons
  A kobold demonologist (D:10)
  2 ice devils (Lair:5)
  4 trolls
  2 polar bears
  2 merfolk (Lair:3)
  A hornet (D:10)
  23 blink frogs
  A shadow (D:11)
  3 wyverns
  Eustachio (D:6)
  34 yaks
  4 basilisks
  7 fire bats (Volcano)
  2 wraiths
  2 vampire mosquitoes (D:6)
  2 acid dragons (D:10)
  Duvessa (D:5)
  16 water moccasins
  3 hell hounds (Volcano)
  A sky beast (D:8)
  2 ice beasts
  4 orc warriors
  5 black bears
  9 ogres
  5 centaurs
  4 wolves
  A phantom (D:5)
  Blork the orc (D:4)
  3 kobold brigands
  17 bullfrogs
  A gnoll sergeant (D:9)
  4 scorpions
  Dowan (D:5)
  6 wights (D:8)
  The ghost of Jase the Chopper, a weakling HOMo (D:3)
  7 killer bees
  5 electric eels
  A howler monkey (D:8)
  6 lava snakes (Volcano)
  6 hounds
  3 jellies
  Crazy Yiuf (D:2)
  9 orc priests
  2 centaur skeletons (D:3)
  2 bullfrog skeletons (D:3)
  An iguana (D:3)
  7 orc wizards
  Natasha (thrice) (D:4)
  A mummy (Ossuary)
  Robin (D:2)
  15 gnolls
  2 adders
  An ufetubus (D:4)
  3 worms
  2 dart slugs
  42 orcs
  7 ball pythons
  6 endoplasms
  2 giant cockroaches (D:1)
  15 goblins
  7 hobgoblins
  9 jackals
  2 quokkas
  5 bats
  4 frilled lizards
  2 gnoll skeletons (Ossuary)
  20 kobolds
  7 kobold skeletons (Ossuary)
  16 orc skeletons (Ossuary)
  A rat (D:1)
464 creatures vanquished.

Vanquished Creatures (collateral kills)
  A death yak (Lair:5)
1 creature vanquished.

Vanquished Creatures (others)
  An electric eel (D:10)
  68 fungi
  135 plants
204 creatures vanquished.

Grand Total: 669 creatures vanquished

Notes
Turn   | Place    | Note
-------+----------+-------------------------------------------
     0 | D:1      | PyroL the Draconian Ice Elementalist began the quest for
                  | the Orb.
     0 | D:1      | Reached XP level 1. HP: 14/14 MP: 3/3
   124 | D:1      | Reached XP level 2. HP: 20/20 MP: 0/5
   703 | D:2      | Reached XP level 3. HP: 12/26 MP: 1/7
   856 | D:2      | Identified the +1 ring mail "Joxkaloc" {Fly Will+ Dex+3}
  1050 | D:2      | Noticed Robin
  1060 | D:2      | Reached XP level 4. HP: 33/33 MP: 6/8
  1073 | D:2      | Killed Robin
  1074 | D:2      | Reached skill level 5 in Ice Magic
  1198 | D:2      | Learned a level 3 spell: Frozen Ramparts
  1202 | D:2      | Learned a level 3 spell: Ozocubu's Armour
  1548 | D:2      | Found a runed translucent door.
  1549 | D:2      | Noticed Crazy Yiuf
  1558 | D:2      | Killed Crazy Yiuf
  1559 | D:2      | Reached skill level 1 in Fighting
  1974 | D:3      | Reached XP level 5. HP: 41/41 MP: 3/10
  2112 | D:3      | Found a stormy altar of Qazlal.
  2178 | D:3      | Found a transporter.
  2206 | D:3      | Found a transporter.
  2209 | D:3      | Noticed Jase's ghost (weakling HOMo)
  2479 | D:3      | You fall into a shaft and drop 2 floors!
  2479 | D:5      | Entered Level 5 of the Dungeon
  2486 | D:4      | Found a sand-covered staircase.
  2510 | Ossuary  | Entered an ossuary
  2510 | Ossuary  | Noticed a wraith
  2510 | Ossuary  | Noticed a wraith
  2510 | Ossuary  | Noticed a wraith
  2643 | Ossuary  | Noticed a wraith
  2656 | Ossuary  | Killed a wraith
  2657 | Ossuary  | Reached XP level 6. HP: 10/52 MP: 1/12
  3000 | D:4      | Identified the +0 leather armour of the Thistle {-Tele
                  | rPois rCorr Dex+5}
  3039 | D:4      | Noticed Blork the orc
  3047 | D:4      | Killed Blork the orc
  3388 | D:3      | Found Pieg's Antique Armour Shoppe.
  3604 | D:3      | Killed Jase's ghost
  3605 | D:3      | Reached skill level 5 in Fighting
  3610 | D:3      | Your scales start taking on a rich purple colour.
  3610 | D:3      | Reached skill level 5 in Spellcasting
  3610 | D:3      | Reached XP level 7. HP: 52/61 MP: 2/15
  3793 | D:4      | Found a staircase to the Ecumenical Temple.
  3949 | Temple   | Entered the Ecumenical Temple
  3967 | Temple   | Became a worshipper of Vehumet
  4176 | D:4      | Noticed Natasha
  4183 | D:4      | Killed Natasha
  4238 | D:4      | Found Bamneas's Magic Scroll Shop.
  4420 | D:4      | Noticed Natasha
  4428 | D:4      | Killed Natasha
  4450 | D:4      | Noticed Natasha
  4455 | D:4      | Killed Natasha
  4668 | D:3      | Bought a pair of encrusted gloves for 190 gold pieces
  4668 | D:3      | Identified the +0 pair of gloves "Keusiyg" {Int+2} (You
                  | bought it in a shop on level 3 of the Dungeon)
  5030 | D:5      | Reached XP level 8. HP: 37/68 MP: 16/20
  5229 | D:5      | Reached * piety under Vehumet
  5229 | D:5      | Offered knowledge of Shock by Vehumet.
  5413 | D:5      | Noticed Duvessa
  5425 | D:5      | Noticed Dowan
  5427 | D:5      | Killed Duvessa
  5430 | D:5      | Killed Dowan
  6133 | D:6      | Noticed Eustachio
  6152 | D:6      | Killed Eustachio
  6424 | D:6      | Reached XP level 9. HP: 62/75 MP: 19/22
  6711 | D:6      | Reached skill level 5 in Dodging
  6855 | D:7      | Identified a scroll of acquirement
  7100 | D:7      | Reached ** piety under Vehumet
  7100 | D:7      | Offered knowledge of Sandblast by Vehumet.
  7162 | D:7      | Found an ancient bone altar of Kikubaaqudgha.
  7162 | D:7      | Found a shadowy altar of Dithmenos.
  7162 | D:7      | Found an iron altar of Okawaru.
  7424 | D:7      | Acquired a +5 lajatang of speed
  8316 | D:8      | Offered knowledge of Mephitic Cloud by Vehumet.
  8322 | D:8      | Learned a level 3 spell: Mephitic Cloud
  8424 | D:8      | Reached skill level 1 in Conjurations
  8468 | D:8      | Noticed Maggie
  8487 | D:8      | Killed Maggie
  8488 | D:8      | Reached skill level 2 in Conjurations
  8488 | D:8      | Reached XP level 10. HP: 60/83 MP: 20/23
  8695 | D:8      | Noticed a two-headed ogre
  8706 | D:8      | Killed a two-headed ogre
  8707 | D:8      | Reached skill level 3 in Conjurations
  9008 | D:8      | Reached skill level 4 in Conjurations
  9008 | D:8      | Reached skill level 10 in Ice Magic
  9076 | D:8      | Reached *** piety under Vehumet
  9087 | D:8      | Noticed a white ugly thing
  9173 | D:8      | Killed a white ugly thing
  9174 | D:8      | Reached skill level 5 in Conjurations
  9586 | D:9      | Reached skill level 6 in Conjurations
  9685 | D:9      | Offered knowledge of Hailstorm by Vehumet.
  9702 | D:9      | Learned a level 3 spell: Hailstorm
  9814 | D:9      | Noticed a boulder beetle
  9840 | D:9      | Killed a boulder beetle
  9841 | D:9      | Reached skill level 7 in Conjurations
 10066 | D:9      | Found Wurr's Antique Weapon Shop.
 10067 | D:9      | Found Ucuakhef's General Store.
 10096 | D:9      | Noticed a two-headed ogre
 10111 | D:9      | Killed a two-headed ogre
 10112 | D:9      | Reached skill level 8 in Conjurations
 10190 | D:9      | Found Cur Nam's Book Emporium.
 10245 | D:9      | Noticed a deep elf pyromancer
 10255 | D:9      | Killed a deep elf pyromancer
 10256 | D:9      | Reached XP level 11. HP: 52/89 MP: 17/24
 10650 | D:10     | Entered Level 10 of the Dungeon
 10664 | D:10     | Reached skill level 9 in Conjurations
 11049 | D:10     | Found a staircase to the Lair.
 11118 | D:10     | Found a staircase to the Orcish Mines.
 11138 | D:10     | Reached skill level 10 in Conjurations
 11635 | D:10     | Found a snail-covered altar of Cheibriados.
 11858 | D:10     | Reached **** piety under Vehumet
 12178 | D:11     | Noticed a two-headed ogre
 12192 | D:11     | Killed a two-headed ogre
 12365 | D:11     | Noticed a white ugly thing
 12386 | D:11     | Killed a white ugly thing
 12793 | D:11     | Noticed Lodul
 12801 | D:11     | Reached skill level 10 in Fighting
 12804 | D:11     | Offered knowledge of Inner Flame by Vehumet.
 13094 | D:11     | Killed Lodul
 13378 | D:11     | Noticed a two-headed ogre
 13393 | D:11     | Killed a two-headed ogre
 13394 | D:11     | Reached XP level 12. HP: 101/106 MP: 17/25
 13562 | Lair:1   | Entered Level 1 of the Lair of Beasts
 13925 | Lair:1   | Learned a level 3 spell: Inner Flame
 14000 | Lair:1   | Reached skill level 1 in Hexes
 14000 | Lair:1   | Reached skill level 1 in Summonings
 14749 | Lair:2   | HP: 1/106 [blink frog (13)]
 15879 | Lair:2   | Reached skill level 5 in Hexes
 15952 | Lair:2   | Reached skill level 5 in Summonings
 16140 | Lair:2   | Learned a level 4 spell: Summon Ice Beast
 16420 | Lair:2   | Reached skill level 1 in Fire Magic
 16451 | Lair:2   | Reached ***** piety under Vehumet
 16581 | Lair:3   | Noticed a death yak
 16581 | Lair:3   | Noticed a death yak
 16582 | Lair:3   | Noticed a death yak
 16584 | Lair:3   | Noticed a death yak
 16585 | Lair:3   | Noticed a death yak
 16599 | Lair:3   | Killed a death yak
 16599 | Lair:3   | Offered knowledge of Lee's Rapid Deconstruction by Vehumet.
 16600 | Lair:3   | Reached skill level 11 in Conjurations
 16602 | Lair:3   | Killed a death yak
 16603 | Lair:3   | Reached XP level 13. HP: 110/113 MP: 4/26
 16944 | Lair:3   | Reached skill level 5 in Fire Magic
 17024 | Lair:3   | Found a staircase to the Snake Pit.
 17321 | Lair:3   | Found a staircase to the Shoals.
 17872 | Lair:3   | Learned a level 5 spell: Fireball
 17879 | Lair:3   | Learned a level 6 spell: Starburst
 18399 | Lair:4   | Reached skill level 12 in Conjurations
 18563 | Lair:4   | Found a dark tunnel.
 18584 | Volcano  | Entered a volcano
 19227 | Volcano  | Found a burning altar of Makhleb.
 19421 | Volcano  | Reached skill level 13 in Conjurations
 20225 | D:9      | Bought the Unrestrained Analects for 528 gold pieces
 20339 | Snake:1  | Entered Level 1 of the Snake Pit
 20683 | Lair:5   | Entered Level 5 of the Lair of Beasts
 22036 | Lair:5   | Reached XP level 14. HP: 92/121 MP: 5/27
 22290 | Lair:5   | Found a viscous altar of Jiyva.
 22290 | Lair:5   | Found a staircase to the Slime Pits.
 22870 | Lair:5   | Offered knowledge of Flame Wave by Vehumet.
 22895 | Lair:5   | Mangled by a dire elephant

Illustrated notes

Levels and vault maps discovered:
D:1:      minmay_arrival_four_houses, layout_loops_cross
D:2:      layout_loops_cross, minmay_fountain_box, uniq_robin,
          uniq_crazy_yiuf_cottage
D:3:      layout_loops_cross, nicolae_qazlal_general_emergency, serial_shops,
          nicolae_shop_behind_doors, gammafunk_ghost_mausoleum
D:4:      layout_loops_ring, minmay_temple_entry_statues_fountains,
          nicolae_ossuary_entry_monument, serial_shops, nicolae_shop_trees,
          uniq_natasha, uniq_blork_the_orc
D:5:      nicolae_cairo_tiling_very_big, layout_basic, uniq_duvessa
D:6:      layout_loops_ring, minivault_26, uniq_eustachio
D:7:      layout_basic, chequers_temple_overflow_statue_of_worship,
          enter_bailey_4
D:8:      minmay_chambers_of_fours, layout_basic,
          chequers_hall_statues_corner_a, grunt_tough_drop, uniq_maggie
D:9:      layout_loops_cross, serial_shops, nicolae_shop_behind_doors, shop,
          nicolae_shop_statue_plus
D:10:     layout_rooms, cheibrodos_worm_habitat, due_lair_maze_entry_diamond,
          david_orc_3, serial_bayou, serial_bayou_pond_a, serial_bayou_lagoon_b,
          serial_bayou_pond_e, serial_bayou_lagoon_a
D:11:     layout_roguey, grunt_decor_one_mirror, uniq_lodul
Temple:   nicolae_temple_bog_church
Lair:1:   layout_regular_city, lemuel_fruit_tree
Lair:2:   layout_gridlike, st_stairs_8, grunt_megastairs_3
Lair:3:   layout_cave_pods, elwin_shoals_entry_stream, dummy_snake_entry,
          wad_woods_river_04, beast_lair_carwin_4, serial_bayou_shore_a,
          grunt_megastairs_2, lemuel_fruit_fields, infiniplex_staircase_pool
Lair:4:   layout_cave_pods, nicolae_volcano_entry_vermiform
Lair:5:   grunt_lair_end_beastmaster, layout_regular_city, slime_entry_1,
          portal_ice_cave_demonic_guard, pdpol_lair_cavern_descent
Snake:1:  layout_gridlike, basic_altar, nicolae_snake_gridmaze_spiral,
          minmay_shop_star, uniq_jorgrun

Skill      XL: |  1  2  3  4  5  6  7  8  9 10 11 12 13 14 |
---------------+-------------------------------------------+-----
Spellcasting   | 3 4 5 8 9 |  9.8
Ice Magic      | 5 9 10 11 | 11.9
Fighting       | 2 4 5 6 10 | 10.0
Dodging        | 3 5 7 |  7.9
Conjurations   | 2 8 10 11 13 | 13.2
Hexes          | 5 |  5.0
Summonings     | 5 |  5.0
Fire Magic     | 2 7 8 |  8.3
Stealth        | |  1.7

Action                   |  1- 3 |  4- 6 |  7- 9 | 10-12 | 13-15 || total
-------------------------+-------+-------+-------+-------+-------++-------
Melee: Unarmed           |    12 |       |       |       |       ||    12
       Tailslap          |     1 |       |    11 |    61 |    80 ||   153
       Lajatang          |       |       |    83 |   405 |   378 ||   866
 Fire: Sling             |    76 |   190 |   300 |       |       ||   566
 Cast: Freeze            |    13 |    22 |    23 |    17 |     1 ||    76
       Frozen Ramparts   |       |    13 |    36 |    51 |    22 ||   122
       Ozocubu's Armour  |       |    11 |    29 |    37 |    19 ||    96
       Mephitic Cloud    |       |       |       |    49 |    14 ||    63
       Hailstorm         |       |       |       |    42 |    23 ||    65
       Starburst         |       |       |       |       |    14 ||    14
       Fireball          |       |       |       |       |    12 ||    12
       Summon Ice Beast  |       |       |       |       |     1 ||     1
 Abil: Breathe Dispellin |       |       |     2 |     1 |       ||     3
  Use: Scroll            |     2 |       |    11 |    11 |     3 ||    27
       Potion            |       |       |       |     2 |       ||     2
 Stab: Sleeping          |       |       |     1 |       |     1 ||     2
       Confused          |       |       |       |     6 |     4 ||    10
       Petrifying        |       |       |       |       |     2 ||     2
       Petrified         |       |       |       |       |     2 ||     2
       Distracted        |       |       |       |       |     1 ||     1
Armor: Skin              |    22 |    78 |   198 |   143 |   194 ||   635
Dodge: Dodged            |    53 |    92 |   205 |   245 |   327 ||   922

Table legend: (Time is in decaauts)
 A = Elapsed time spent in this place.
 B = Non-inter-level travel time spent in this place.
 C = Inter-level travel time spent in this place.
 D = Time resting spent in this place.
 E = Time spent auto-exploring this place.
 F = Levels seen in this place.
 G = Mean time per level.
                   A        B        C        D        E       F      G
               +--------+--------+--------+--------+--------+-----+--------+
         Total |  23166 |  22098 |   1068 |   4446 |  13587 |  20 | 1158.3 |
       Dungeon |  13410 |  12756 |    654 |   2215 |   8454 |  11 | 1219.1 |
        Temple |     28 |     28 |      0 |      0 |      3 |   1 |   28.0 |
          Lair |   8312 |   7899 |    413 |   1632 |   4748 |   5 | 1662.4 |
     Snake Pit |      1 |      1 |      0 |      0 |      0 |   1 |    1.0 |
       Ossuary |    473 |    473 |      0 |     56 |    255 |   1 |  473.0 |
       Volcano |    939 |    939 |      0 |    543 |    126 |   1 |  939.0 |
               +--------+--------+--------+--------+--------+-----+--------+

Top non-repeatable levels by time:
  Lair:5: 1946 daAuts
  Lair:4: 1847 daAuts
  Lair:2: 1650 daAuts
    D:10: 1526 daAuts
    D:11: 1468 daAuts
  Lair:1: 1454 daAuts
  Lair:3: 1414 daAuts
     D:8: 1357 daAuts
     D:7: 1348 daAuts
     D:3: 1295 daAuts
     D:4: 1280 daAuts
     D:5: 1181 daAuts
     D:9: 1166 daAuts
     D:2: 1144 daAuts
     D:6: 991 daAuts
